 Dungeon Crawl Stone Soup version 0.23.2-40-g277498a001 (webtiles) character file.

Game seed: 13175022722270462542

664650 DildoBatman the Petrodigitator (level 27, -16/197 HPs)
             Began as a Formicid Wizard on Oct 15, 2019.
             Was an Initiate of Gozag.
             Killed by dispel undead
             ... invoked by Paevil the pandemonium lord
              (56 damage)
             ... on level 15 of a ziggurat on Oct 16, 2019.
             The game lasted 05:18:52 (57970 turns).

DildoBatman the Petrodigitator (Formicid Wizard)   Turns: 57970, Time: 05:18:52

Health: -16/197    AC: 40    Str: 16    XL:     27
Magic:  37/53      EV: 17    Int: 36    God:    Gozag
Gold:   16005      SH: 30    Dex: 12    Spells: 3/58 levels left

rFire    . . .     SeeInvis +   a - +6 Majin-Bo {vamp, Archmagi MP+6 Int+6}
rCold    + + .     Gourm    .   S - +10 large shield of Ignorance {rN+ Int-4}
rNeg     + + +     Faith    .   o - +4 troll leather armour
rPois    ∞         Spirit   .   (helmet unavailable)
rElec    +         Reflect  .   c - +2 cloak {rC+}
rCorr    .         Harm     .   n - +2 pair of gloves {Dex+3}
MR       +++..                  t - +2 pair of boots of Feighire {Str+4 Int+3}
Stlth    ++........             m - amulet of magic regeneration
HPRegen  0.82/turn              J - +6 ring of protection
MPRegen  0.58/turn              I - ring of Robustness {AC+8}

@: lich-form, gold aura, silenced
A: permanent stasis, dig shafts and tunnels, four strong arms, antennae 3,
hooves 2, high mp 1, electricity resistance
}: 4/15 runes: decaying, serpentine, silver, golden
a: Dig, Shaft Self, End Transformation, Renounce Religion


You were on level 15 of a ziggurat.
You worshipped Gozag.
Gozag was extremely pleased with you.
You were not hungry.
You were a lich.
You visited 10 branches of the dungeon, and saw 46 of its levels.
You visited 1 ziggurat, and saw 15 of its levels.
You also visited: Sewer, Ice Cave and Wizlab.

You collected 28561 gold pieces.
You spent 5922 gold pieces at shops.
You paid 6634 gold pieces to Gozag.

Inventory:

Hand Weapons
 a - the +6 Majin-Bo (weapon) {vamp, Archmagi MP+6 Int+6}
   (You took it off a Hellbinder in a wizard's laboratory)

   It inflicts no extra harm, but heals its wielder when it wounds a living foe.
   It affects your intelligence (+6).
   It affects your magic capacity (+6).
 d - the +3 Elemental Staff {rElec rF++ rC++ MR++ AC+5}
   (You found it on level 3 of the Tomb of the Ancients)

   It affects your AC (+5).
   It greatly protects you from fire.
   It greatly protects you from cold.
   It insulates you from electricity.
   It affects your resistance to hostile enchantments.
 e - a +9 demon trident of electrocution
 E - the +7 lajatang of Order {silver, rMut}
   (You found it on level 9 of a ziggurat)

   It protects you from mutation.
Missiles
 N - 4 throwing nets (quivered)
 W - 15 silver javelins
Armour
 c - a +2 cloak of cold resistance (worn)
 n - a +2 pair of gloves of dexterity (worn)
 o - a +4 troll leather armour (worn)
 t - the +2 pair of boots of Feighire (worn) {Str+4 Int+3}
   (You bought it in a shop on level 2 of the Orcish Mines)

   It affects your strength (+4).
   It affects your intelligence (+3).
 S - the +10 large shield of Ignorance (worn) {rN+ Int-4}
   (You bought it in a shop on level 9 of the Dungeon)

   It affects your intelligence (-4).
   It protects you from negative energy.
Magical Staves
 b - an uncursed staff of energy
Jewellery
 g - the brooch of Shielding {Reflect SH+8}
   (You found it on level 11 of a ziggurat)

   [amulet of reflection]

   It shields you and reflects attacks.
   It affects your SH (+8).
 k - the ring "Niffyon" {rF+ rC+ Int+3}
   (You took it off an orc on level 5 of the Vaults)

   [ring of protection from cold]

   It affects your intelligence (+3).
   It protects you from fire.
   It protects you from cold.
 m - an amulet of magic regeneration (around neck)
 r - an uncursed amulet of regeneration
 I - the ring of Robustness (right hand) {AC+8}
   (You took it off a deep elf demonologist on level 3 of the Elven Halls)

   [ring of protection]

   It affects your AC (+8).
 J - a +6 ring of protection (left hand)
 Y - the ring of Hofoifot {+Fly rElec rC+ Str-4 Int+8}
   (You took it off a deep elf blademaster on level 3 of the Elven Halls)

   [ring of flight]

   It affects your strength (-4).
   It affects your intelligence (+8).
   It protects you from cold.
   It insulates you from electricity.
   It lets you fly.
Wands
 h - a wand of acid (15)
 y - a wand of scattershot (7)
 B - a wand of iceblast (3)
Scrolls
 i - 11 scrolls of amnesia
 l - 9 scrolls of immolation
 q - 4 scrolls of holy word
 x - 22 scrolls of remove curse
 z - 21 scrolls of identify
 F - 3 scrolls of torment
 K - 5 scrolls of magic mapping
 M - 2 scrolls of enchant armour
 Q - a scroll of enchant weapon
 T - 13 scrolls of fog
Potions
 f - 3 potions of agility
 p - 2 potions of resistance
 s - 4 potions of ambrosia
 w - 3 potions of magic
 D - 8 potions of heal wounds
 H - 6 potions of mutation
 L - 7 potions of cancellation
 O - 6 potions of curing
 R - 10 potions of brilliance
 X - 10 potions of might
Miscellaneous
 j - 5 phantom mirrors
 u - a lightning rod (4/4)
 A - a fan of gales
 P - 2 sacks of spiders
 U - 9 boxes of beasts
 V - a lamp of fire
Comestibles
 v - 46 rations


   Skills:
 - Level 12.0 Fighting
 - Level 12.0 Armour
 - Level 10.0 Dodging
 - Level 2.4 Stealth
 - Level 17.1 Shields
 - Level 16.0 Spellcasting
 * Level 10.8 Conjurations
 - Level 10.0 Hexes
 - Level 4.0 Charms
   Level 1.0 Summonings
 - Level 20.0 Necromancy
   Level 0.8 Translocations
 - Level 22.7 Transmutations
 - Level 5.0 Fire Magic
 * Level 9.7 Ice Magic
   Level 5.2 Air Magic
 O Level 27 Earth Magic
 - Level 12.0 Evocations


You had 3 spell levels left.
You knew the following spells:

 Your Spells              Type           Power        Failure   Level  Hunger
a - Borgnjor's Vile Clut  Necr/Erth      #########.   0%          5    N/A
b - Shatter               Erth           ########..   2%          9    N/A
c - Bolt of Magma         Conj/Fire/Erth ########..   1%          5    N/A
d - Necromutation         Tmut/Necr      #########.   1%          8    N/A
e - Regeneration          Chrm/Necr      ########..   1%          3    N/A
f - Glaciate              Conj/Ice       ########..   100%        9    N/A
g - Darkness              Hex            ########..   3%          6    N/A
h - Dispel Undead         Necr           ########     0%          5    N/A
i - Ozocubu's Armour      Chrm/Ice       #######.     1%          3    N/A
z - Sublimation of Blood  Necr           #########.   0%          2    N/A

Your spell library contained the following spells:

 Spells                   Type           Power        Failure   Level  Hunger
 Animate Skeleton         Necr           N/A          0%          1    N/A
 Magic Dart               Conj           ####         0%          1    N/A
 Pain                     Necr           ####         0%          1    N/A
 Sandblast                Erth           ######       0%          1    N/A
 Corpse Rot               Necr           N/A          0%          2    N/A
 Passwall                 Tmut/Erth      ########     0%          2    N/A
 Stone Arrow              Conj/Erth      ######       0%          3    N/A
 Vampiric Draining        Necr           #########.   0%          3    N/A
 Confusing Touch          Hex            ######       1%          1    N/A
 Corona                   Hex            #######      1%          1    N/A
 Flame Tongue             Conj/Fire      #####        1%          1    N/A
 Freeze                   Ice            ####         1%          1    N/A
 Infusion                 Chrm           ####         1%          1    N/A
 Shock                    Conj/Air       ####         1%          1    N/A
 Sting                    Conj/Pois      ####         1%          1    N/A
 Summon Butterflies       Summ           ######..     1%          1    N/A
 Summon Small Mammal      Summ           ####         1%          1    N/A
 Call Imp                 Summ           ######..     1%          2    N/A
 Ensorcelled Hibernation  Hex/Ice        ######       1%          2    N/A
 Poisonous Vapours        Pois/Air       ######       1%          2    N/A
 Shroud of Golubria       Chrm/Tloc      ######....   1%          2    N/A
 Slow                     Hex            ########     1%          2    N/A
 Song of Slaying          Chrm           ######..     1%          2    N/A
 Swiftness                Chrm/Air       #######.     1%          2    N/A
 Throw Flame              Conj/Fire      ######       1%          2    N/A
 Throw Frost              Conj/Ice       ######       1%          2    N/A
 Confuse                  Hex            ########     1%          3    N/A
 Conjure Flame            Conj/Fire      #######.     1%          3    N/A
 Dazzling Spray           Conj/Hex       ######       1%          3    N/A
 Ignite Poison            Fire/Tmut/Pois #######.     1%          3    N/A
 Inner Flame              Hex/Fire       #######.     1%          3    N/A
 Mephitic Cloud           Conj/Pois/Air  #######.     1%          3    N/A
 Portal Projectile        Hex/Tloc       ######       1%          3    N/A
 Spectral Weapon          Hex/Chrm       #######.     1%          3    N/A
 Static Discharge         Conj/Air       #######.     1%          3    N/A
 Summon Guardian Golem    Hex/Summ       #######.     1%          3    N/A
 Tukima's Dance           Hex            ########     1%          3    N/A
 Call Canine Familiar     Summ           ######..     2%          3    N/A
 Gell's Gravitas          Tloc           ######....   3%          3    N/A
 Recall                   Summ/Tloc      N/A          3%          3    N/A
 Animate Dead             Necr           N/A          0%          4    N/A
 Leda's Liquefaction      Hex/Erth       ########..   0%          4    N/A
 Petrify                  Tmut/Erth      ########     0%          4    N/A
 Agony                    Necr           ########     0%          5    N/A
 Lee's Rapid Deconstruct  Erth           ########..   0%          5    N/A
 Statue Form              Tmut/Erth      ########.    0%          6    N/A
 Airstrike                Air            #######...   1%          4    N/A
 Cause Fear               Hex            ########..   1%          4    N/A
 Force Lance              Conj/Tloc      #######.     1%          4    N/A
 Fulminant Prism          Conj/Hex       ########..   1%          4    N/A
 Sticky Flame             Conj/Fire      #######.     1%          4    N/A
 Summon Ice Beast         Ice/Summ       #######.     1%          4    N/A
 Throw Icicle             Conj/Ice       ########     1%          4    N/A
 Bolt of Draining         Conj/Necr      ########..   1%          5    N/A
 Excruciating Wounds      Chrm/Necr      ########..   1%          5    N/A
 Fireball                 Conj/Fire      #######...   1%          5    N/A
 Irradiate                Conj/Tmut      ########..   1%          5    N/A
 Iskenderun's Battlesphe  Conj/Chrm      #######.     1%          5    N/A
 Lightning Bolt           Conj/Air       #######...   1%          5    N/A
 Metabolic Englaciation   Hex/Ice        ########..   1%          5    N/A
 Silence                  Hex/Air        #######...   1%          5    N/A
 Yara's Violent Unravell  Hex/Tmut       ########..   1%          5    N/A
 Death Channel            Necr           #########.   1%          6    N/A
 Hydra Form               Tmut           ########..   1%          6    N/A
 Iron Shot                Conj/Erth      ########..   1%          6    N/A
 Simulacrum               Ice/Necr       ########..   1%          6    N/A
 Dragon Form              Tmut           ########..   1%          7    N/A
 Borgnjor's Revivificati  Necr           #########.   2%          8    N/A
 Infestation              Necr           #########.   2%          8    N/A
 Bolt of Cold             Conj/Ice       ########..   3%          6    N/A
 Invisibility             Hex            ########     3%          6    N/A
 Summon Lightning Spire   Summ/Air       ######..     4%          4    N/A
 Summon Mana Viper        Hex/Summ       #######.     4%          5    N/A
 Venom Bolt               Conj/Pois      #######...   4%          5    N/A
 Ozocubu's Refrigeration  Ice            #######...   4%          6    N/A
 Lehudib's Crystal Spear  Conj/Erth      ########..   4%          8    N/A
 Freezing Cloud           Conj/Ice/Air   #######...   6%          6    N/A
 Bolt of Fire             Conj/Fire      #######...   9%          6    N/A
 Passage of Golubria      Tloc           N/A          10%         4    N/A
 Olgreb's Toxic Radiance  Pois           #####...     14%         4    N/A
 Orb of Destruction       Conj           ########..   14%         7    N/A
 Haunt                    Necr/Summ      ########..   16%         7    N/A
 Poison Arrow             Conj/Pois      #######...   24%         6    N/A
 Summon Forest            Summ/Tloc      ######....   26%         5    N/A
 Deflect Missiles         Chrm/Air       #######...   32%         6    N/A
 Death's Door             Chrm/Necr      ########..   56%         8    N/A
 Spellforged Servitor     Conj/Summ      #######...   71%         7    N/A
 Shadow Creatures         Summ           N/A          82%         6    N/A
 Dispersal                Tloc           ######....   83%         6    N/A
 Discord                  Hex            ########..   83%         8    N/A
 Ring of Flames           Chrm/Fire      #######...   88%         7    N/A
 Chain Lightning          Conj/Air       #######...   98%         8    N/A
 Summon Hydra             Summ           ######....   100%        7    N/A
 Disjunction              Tloc           ######....   100%        8    N/A
 Ignition                 Fire           #######...   100%        8    N/A
 Dragon's Call            Summ           ######....   100%        9    N/A
 Fire Storm               Conj/Fire      #######...   100%        9    N/A
 Blink                    Tloc           Unusable     N/A         2    N/A
 Controlled Blink         Tloc           Unusable     N/A         8    N/A

Dungeon Overview and Level Annotations

Branches:
Dungeon (15/15)            Temple (1/1) D:6            Lair (6/6) D:9
  Swamp (4/4) Lair:3        Snake (4/4) Lair:2        Slime (0/5) Lair:6
    Orc (2/2) D:10            Elf (3/3) Orc:2        Vaults (5/5) D:14
  Crypt (3/3) Vaults:2       Tomb (3/3) Crypt:3      Depths (0/5) D:15

Altars:
Ashenzari
Cheibriados
Dithmenos
Elyvilon
Fedhas
Gozag
Hepliaklqana
Kikubaaqudgha
Makhleb
Nemelex Xobeh
Okawaru
Qazlal
Ru
Sif Muna
Trog
Uskayaw
Vehumet
Wu Jian
Xom
Yredelemnul
Zin
The Shining One
Beogh

Shops:
D:7 [   D:8 [   D:9 [   D:14 *   D:15 *   Orc:1 [%[(:   Orc:2 *[[(*   Elf:2 *
Elf:3 (:([   Vaults:4 *

Portals:
Trove: D:12 (give 2 scrolls of acquirement)


Innate Abilities, Weirdness & Mutations

You cannot be hasted, slowed, berserked, paralysed or teleported.
You can dig through walls and to a lower floor.
Your four strong arms can wield two-handed weapons with a shield.
You have a pair of large antennae on your head. (SInv)
You have hoof-like feet.
You have an increased reservoir of magic. (+10% MP)
You are resistant to electric shocks. (rElec)


Message History

Your redback completely misses Paevil.
Paevil gestures at you. You block the iron shot.
A Killer Klown comes into view. It is wielding a +8 club.
Your soldier ant completely misses Paevil.
Your redback closely misses Paevil.
The floating eye pulsates ominously.
The floating eye seems to glare at you.
Your mature stingweird beast completely misses Paevil. x2
Aiming: Corrosive Bolt
Press: ? - help, Shift-Dir - straight line, f/p - Paevil
Aim: Paevil (silenced, heavily wounded, radiating silence, covered in acid)
The bolt of acid misses Paevil.
The bolt of acid hits the floating eye!!
The floating eye is splashed with acid.
You kill the floating eye!
Paevil gestures at you.
You convulse!
You die...
Your body crumbles into a pile of gold.

▓....
▓▓.............
▓▓....#.........
▓▓...............
▓................
▓....$...........
▓................
▓▓sH....p.........
▓L&∩..............
▓▓.a..............
▓G...............
▓................
▓................
▓▓...............
▓▓....#.........
▓▓.............


You could see Paevil, a Killer Klown, an eye of draining, a friendly mature
stingweird beast, a friendly soldier ant and a friendly redback.

Vanquished Creatures
  Mennas (Tomb:2)
  3 ancient liches
  A pandemonium lord (Zig:10)
  3 juggernauts
  The ghost of Fazan the Warrior, a veteran CeHu of the Shining One (Crypt:3)
  28 greater mummies
  Margery (Crypt:2)
  the Lernaean hydra (Swamp:4)
  Boris (Tomb:2)
  A shard shrike (Zig:11)
  Xtahua (Vaults:3)
  3 golden dragons
  Saint Roka (Vaults:3)
  A curse toe (Crypt:3)
  A Hellbinder (WizLab)
  A bone dragon (Crypt:3)
  A Tzitzimitl (Zig:6)
  Jory (Crypt:1)
  Jorgrun (D:15)
  2 Brimstone Fiends
  3 Ice Fiends
  An iron giant (Zig:4)
  3 tentacled monstrosities (Vaults:5)
  Rupert (D:13)
  A Hell Sentinel (Zig:10)
  3 titans
  7 liches
  The ghost of spacedv the Warrior, an adept MiGl of Hepliaklqana (Elf:1)
  2 deep elf blademasters (Elf:3)
  2 deep elf master archers (Elf:3)
  10 sphinxes
  An acid blob (Zig:8)
  11 ancient champions
  An Executioner (Zig:10)
  Kirke (Swamp:3)
  2 thorn hunters (Swamp:4)
  2 storm dragons
  2 warmongers (Zig:10)
  2 shadow dragons (Vaults:5)
  7 revenants
  Donald (Swamp:3)
  18 nagarajas
  3 fire giants
  5 azure jellies (Zig:8)
  5 tengu reavers (Vaults:5)
  7 deep elf sorcerers
  2 orc warlords
  23 vault wardens
  4 frost giants
  A ghost moth (Zig:2)
  Aizul (Snake:3)
  2 curse skulls
  A caustic shrike zombie (Crypt:2)
  5 deep elf elementalists
  3 cacodemons (WizLab)
  5 ghouls
  2 blood saints
  18 ironheart preservers
  2 reapers (Zig:11)
  11 very ugly things
  10 stone giants
  8 bennus (Tomb:3)
  A corrupter (Zig:10)
  10 deep elf demonologists
  2 vampire knights
  6 dire elephants (Lair:6)
  3 black suns
  An entropy weaver (Vaults:5)
  4 deep elf annihilators
  2 lorocyprocas (WizLab)
  5 eidola
  8 ettins
  13 deep elf death magi
  3 blizzard demons
  4 green deaths
  30 mummy priests
  17 yaktaur captains
  3 jiangshi
  4 fire dragons
  5 deep elf high priests
  32 vault guards
  3 rakshasas
  Harold (D:10)
  4 ice dragons
  2 hell beasts (WizLab)
  3 great orbs of eyes
  26 hydras
  A hydra (shapeshifter) (Elf:1)
  3 shambling mangroves
  17 naga warriors
  Fannar (D:11)
  3 ghost crabs
  11 death knights
  Erica (Orc:1)
  9 anacondas
  9 centaur warriors
  2 deep troll shamans
  13 ogre magi
  13 alligators
  40 death scarabs
  5 death yaks (Lair:6)
  51 two-headed ogres
  17 naga sharpshooters
  2 orc high priests (Zig:12)
  3 sun demons (WizLab)
  15 shock serpents
  8 spriggans
  A soul eater (WizLab)
  2 storm dragon zombies
  4 hell knights (Crypt:2)
  22 deep elf knights
  A salamander mystic (Zig:14)
  6 shadow wraiths
  2 anaconda zombies
  16 skeletal warriors
  2 storm dragon skeletons
  9 flayed ghosts
  2 sixfirhies (WizLab)
  15 deep trolls
  A sea snake (shapeshifter) (Elf:1)
  2 unseen horrors
  3 spriggan druids
  A glowing orange brain (Vaults:3)
  12 swamp dragons
  3 orange crystal statues
  20 phantasmal warriors
  A shadow dragon zombie (Tomb:2)
  A golden dragon skeleton (Zig:11)
  An obsidian statue (Zig:6)
  2 wizards (Vaults:3)
  12 harpies
  7 necromancers
  73 deep elf magi
  16 ironbrand convokers
  26 ugly things
  17 orc knights
  A sphinx zombie (Zig:7)
  An iron dragon zombie (Tomb:1)
  23 deep elf archers
  9 naga ritualists
  2 wolf spider zombies
  A shadow dragon skeleton (Crypt:3)
  A frost giant zombie (Tomb:2)
  5 orc sorcerers
  17 mana vipers
  2 manticores (shapeshifter)
  A fire giant zombie (Crypt:3)
  A stone giant zombie (Crypt:1)
  11 cyclopes
  3 moths of wrath
  12 salamanders
  4 oklob plants
  26 elephants
  An iron dragon skeleton (Tomb:3)
  A stone giant skeleton (Crypt:1)
  2 frost giant skeletons
  16 vault sentinels
  9 guardian serpents
  2 ice statues
  Maurice (D:10)
  25 naga magi
  4 centaur zombies
  46 black mambas
  A black mamba (shapeshifter) (Vaults:4)
  A guardian serpent (shapeshifter) (Elf:1)
  7 rust devils (WizLab)
  A water nymph (shapeshifter) (Zig:5)
  2 hellions (WizLab)
  2 dire elephant zombies
  12 spiny frogs
  An orange demon (WizLab)
  A torpor snail (Zig:2)
  4 kobold demonologists
  A spiny frog (shapeshifter) (Vaults:4)
  4 komodo dragons
  18 freezing wraiths
  3 tormentors (Zig:11)
  5 rime drakes
  68 yaktaurs
  A yellow draconian skeleton (Crypt:2)
  3 golden dragon simulacra (IceCv)
  A pale draconian skeleton (Crypt:1)
  13 ice devils
  3 anaconda simulacra
  A death yak skeleton (Lair:3)
  2 hellwings (WizLab)
  48 guardian mummies
  A queen bee (shapeshifter) (Vaults:1)
  A wolf spider simulacrum (D:15)
  A tengu conjurer (D:15)
  A jumping spider (Zig:2)
  9 tyrant leeches
  3 polar bears
  A red devil (WizLab)
  10 trolls
  19 hornets
  A dream sheep (shapeshifter) (Vaults:5)
  33 slime creatures
  A tyrant leech (shapeshifter) (Elf:1)
  A death drake skeleton (Crypt:2)
  20 blink frogs
  2 alligator zombies
  A hornet (shapeshifter) (Elf:1)
  An iron dragon simulacrum (Crypt:1)
  15 bog bodies
  A meliai zombie (D:2)
  3 hydra skeletons
  14 hippogriffs
  A harpy skeleton (Crypt:1)
  41 flying skulls
  4 air elementals
  5 dire elephant simulacra (IceCv)
  4 centaur simulacra
  6 black mamba zombies
  46 yaks
  A spriggan skeleton (Zig:7)
  A vampire (D:9)
  A ynoxinul (WizLab)
  9 redbacks
  8 shadows
  16 wyverns
  3 water elementals
  A fire dragon skeleton (D:14)
  6 hogs (Swamp:4)
  2 wyverns (shapeshifter)
  18 humans (D:14)
  19 wraiths
  25 ushabtiu
  2 black mamba skeletons (Lair:3)
  A hog (shapeshifter) (Elf:1)
  9 basilisks
  5 hungry ghosts
  3 fire elementals
  A golden eye (shapeshifter) (Vaults:3)
  33 vampire mosquitoes
  4 chaos spawn
  A death yak simulacrum (IceCv)
  A yaktaur simulacrum (Vaults:2)
  3 neqoxecs (WizLab)
  4 wargs
  2 harpy simulacra (IceCv)
  66 nagas
  19 insubstantial wisps
  An iron troll simulacrum (IceCv)
  14 swamp worms
  4 hydra simulacra (IceCv)
  10 water moccasins
  4 acid dragons
  2 spiny frog zombies
  16 swamp drakes
  6 porcupines
  A two-headed ogre skeleton (Crypt:1)
  An orb spider zombie (Crypt:1)
  A faun skeleton (Crypt:1)
  A deep troll skeleton (D:11)
  72 orc warriors
  3 spiny frog skeletons
  5 ice beasts
  2 sky beasts
  A gelid demonspawn skeleton (Crypt:3)
  2 necrophages (Crypt:1)
  An alligator simulacrum (IceCv)
  5 eyes of draining
  A snapping turtle zombie (Crypt:2)
  39 wolves
  3 ettin simulacra
  2 eyes of draining (shapeshifter)
  2 phantoms
  An elephant zombie (Crypt:2)
  A wolf (shapeshifter) (Elf:1)
  40 ogres
  9 boggarts
  A torpor snail zombie (Lair:4)
  15 centaurs
  A manticore skeleton (Lair:6)
  11 crocodiles
  A swamp dragon skeleton (Crypt:3)
  5 komodo dragon zombies
  Blork the orc (D:5)
  A wyvern zombie (D:10)
  2 hippogriff zombies
  6 big kobolds
  14 bullfrogs
  An earth elemental (Elf:3)
  A spiny frog simulacrum (Tomb:2)
  A human simulacrum (Zig:7)
  2 water moccasin zombies (Lair:4)
  A wyvern skeleton (D:14)
  2 scorpions
  A yak zombie (Lair:4)
  3 killer bees (D:13)
  5 wights
  A troll skeleton (Orc:1)
  2 yak skeletons
  4 electric eels (D:9)
  2 wolf zombies
  2 howler monkeys
  7 crimson imps
  10 hounds
  3 jellies
  A quasit (D:12)
  5 bullfrog skeletons
  3 draconian simulacra (IceCv)
  12 orc priests
  3 centaur skeletons
  A bullfrog zombie (Lair:6)
  12 orc wizards
  Jessica (D:2)
  A basilisk skeleton (Crypt:1)
  3 iguanas
  11 worker ants
  Natasha (thrice) (D:2)
  A polar bear simulacrum (IceCv)
  3 porcupine skeletons
  2 troll simulacra (IceCv)
  2 ogre skeletons
  A crocodile skeleton (Lair:6)
  49 mummies
  A hound skeleton (Crypt:3)
  2 worker ant zombies
  A howler monkey skeleton (D:8)
  11 adders
  3 naga simulacra (IceCv)
  2 ogre simulacra (IceCv)
  A river rat (D:3)
  5 shadow imps
  10 white imps
  8 ufetubi (IceCv)
  2 adder zombies
  4 worms
  2 dart slugs
  7 leopard geckos
  89 orcs
  A bat zombie (Crypt:2)
  11 giant cockroaches
  4 hobgoblins
  10 jackals
  31 kobolds
  A quokka (D:6)
  A quokka (shapeshifter) (Vaults:5)
  8 ball pythons
  5 bats
  A dart slug zombie (Crypt:3)
  5 frilled lizards
  A frilled lizard zombie (Crypt:1)
  8 goblins
  A hobgoblin zombie (D:2)
  A kobold zombie (Crypt:2)
  A leopard gecko skeleton (D:11)
  An orc skeleton (D:14)
  An orc zombie (D:2)
  A quokka skeleton (D:7)
  11 rats
  A butterfly (Lair:1)
  3 fungi
  11 plants
2627 creatures vanquished.

Vanquished Creatures (collateral kills)
  An efreet (D:15)
  A troll (D:15)
  A hippogriff (D:15)
3 creatures vanquished.

Vanquished Creatures (others)
  A blizzard demon (Zig:7)
  27 dancing weapons
  An alligator (Swamp:1)
  A skeletal warrior (Tomb:3)
  A naga mage (Snake:3)
  A spriggan (Swamp:1)
  A necrophage (Crypt:1)
  A boggart (Vaults:3)
  An ogre (D:7)
  A mummy (Tomb:3)
  10 fungi
  13 plants
59 creatures vanquished.

Grand Total: 2689 creatures vanquished

Notes
Turn   | Place    | Note
-------+----------+-------------------------------------------
     0 | D:1      | DildoBatman the Formicid Wizard began the quest for the
                  | Orb.
     0 | D:1      | Reached XP level 1. HP: 13/13 MP: 4/4
    44 | D:1      | Reached skill level 1 in Conjurations
   425 | D:1      | Reached XP level 2. HP: 19/19 MP: 1/6
   941 | D:1      | Reached XP level 3. HP: 24/24 MP: 4/7
   946 | D:1      | Learned a level 3 spell: Conjure Flame
   950 | D:1      | Learned a level 3 spell: Mephitic Cloud
  1826 | D:2      | Found a faded altar of an unknown god.
  1826 | D:2      | Noticed a scorpion
  2251 | D:2      | Reached XP level 4. HP: 26/30 MP: 8/8
  2371 | D:2      | Reached XP level 5. HP: 13/35 MP: 1/9
  2813 | D:3      | Noticed Jessica
  3128 | D:3      | Found a glowing drain.
  3172 | Sewer    | Entered a sewer
  3356 | Sewer    | Noticed a big kobold
  3480 | Sewer    | Killed a big kobold
  3480 | Sewer    | Reached skill level 5 in Conjurations
  3480 | Sewer    | Reached XP level 6. HP: 33/41 MP: 4/10
  3830 | Sewer    | Reached XP level 7. HP: 46/46 MP: 1/11
  3962 | D:3      | Noticed Natasha
  4522 | D:4      | Found a sacrificial altar of Ru.
  4789 | D:4      | Reached skill level 1 in Fire Magic
  4789 | D:4      | Reached skill level 1 in Air Magic
  5335 | D:5      | Entered Level 5 of the Dungeon
  5511 | D:5      | Noticed Blork the orc
  6327 | D:6      | Found the +5 pair of quick blades "Gyre" and "Gimble"
                  | {pierce, Dex-3}
  6449 | D:6      | Found Teiroz's Book Shoppe.
  6514 | D:6      | Found a staircase to the Ecumenical Temple.
  6543 | Temple   | Entered the Ecumenical Temple
  6621 | Temple   | Became a worshipper of Kikubaaqudgha
  6749 | D:6      | Reached XP level 8. HP: 52/52 MP: 7/12
  7481 | D:7      | Found Cigeojed's Antique Armour Shop.
  7854 | D:8      | Noticed a hippogriff
  7864 | D:8      | Noticed a hippogriff
  7903 | D:8      | Noticed a wyvern
  7912 | D:8      | Killed a wyvern
  7912 | D:8      | Reached skill level 5 in Fire Magic
  7942 | D:8      | Noticed a hippogriff
  7950 | D:8      | Killed a hippogriff
  7950 | D:8      | Reached skill level 5 in Air Magic
  7950 | D:8      | Reached XP level 9. HP: 53/57 MP: 2/13
  7954 | D:8      | Reached * piety under Kikubaaqudgha
  7954 | D:8      | Identified Kikubaaqudgha's Collected Works on Black Arts
                  | (Kikubaaqudgha gifted it to you on level 8 of the Dungeon)
  7954 | D:8      | Received a gift from Kikubaaqudgha
  7965 | D:8      | Reached skill level 1 in Necromancy
  8058 | D:8      | Killed a hippogriff
  8161 | D:8      | Killed a hippogriff
  8161 | D:8      | Reached skill level 5 in Necromancy
  8282 | D:8      | Found Asiecs's Antique Armour Boutique.
  8368 | D:8      | Learned a level 2 spell: Sublimation of Blood
  8372 | D:8      | Learned a level 3 spell: Vampiric Draining
  8550 | D:9      | Reached XP level 10. HP: 63/63 MP: 6/14
  8924 | D:9      | Reached ** piety under Kikubaaqudgha
  8924 | D:9      | Reached skill level 5 in Spellcasting
  9214 | D:9      | Found Ramar's Antique Armour Emporium.
  9261 | D:9      | Found a staircase to the Lair.
  9654 | D:10     | Entered Level 10 of the Dungeon
  9685 | D:10     | Noticed a two-headed ogre
  9716 | D:10     | Found a staircase to the Orcish Mines.
  9738 | D:10     | Reached skill level 1 in Fighting
  9757 | D:10     | Reached skill level 1 in Shields
  9784 | D:10     | Reached skill level 1 in Armour
  9937 | D:10     | Reached XP level 11. HP: 54/70 MP: 21/21
  9962 | D:10     | Noticed Maurice
  9981 | D:10     | Noticed a centaur warrior
  9988 | D:10     | Killed a centaur warrior
 10114 | D:10     | Noticed a centaur warrior
 10123 | D:10     | Killed a centaur warrior
 10186 | D:10     | Killed Maurice
 10321 | D:10     | Killed a two-headed ogre
 10385 | D:10     | Found a shimmering altar of Xom.
 10386 | D:10     | Found the +7 mace of Variability {chain chaos}
 10413 | D:10     | Reached *** piety under Kikubaaqudgha
 10413 | D:10     | Identified Kikubaaqudgha's Grimoire of Darkness
                  | (Kikubaaqudgha gifted it to you on level 10 of the Dungeon)
 10413 | D:10     | Received a gift from Kikubaaqudgha
 10422 | D:10     | Learned a level 5 spell: Dispel Undead
 10428 | D:10     | Learned a level 5 spell: Borgnjor's Vile Clutch
 10471 | D:10     | Reached skill level 1 in Earth Magic
 10581 | D:10     | Reached skill level 2 in Earth Magic
 10752 | Orc:1    | Entered Level 1 of the Orcish Mines
 10752 | Orc:1    | Noticed Harold
 10773 | D:10     | Killed Harold
 10773 | D:10     | Reached skill level 4 in Earth Magic
 10888 | Orc:1    | Found Iniot's Food Emporium.
 10952 | Orc:1    | Found Kidd's Antique Armour Emporium.
 10965 | Orc:1    | Found Ejuza's Armour Emporium.
 10982 | Orc:1    | Reached skill level 5 in Earth Magic
 11004 | Orc:1    | Noticed a cyclops
 11011 | Orc:1    | Found Hiugraxi's Book Shop.
 11027 | Orc:1    | Found Gaitz's Antique Weapon Shop.
 11040 | Orc:1    | Killed a cyclops
 11076 | Orc:1    | Reached skill level 6 in Earth Magic
 11180 | Orc:1    | Found a roughly hewn altar of Beogh.
 11192 | Orc:1    | Noticed an orc knight
 11201 | Orc:1    | Noticed Erica
 11212 | Orc:1    | Killed Erica
 11212 | Orc:1    | Reached skill level 7 in Earth Magic
 11217 | Orc:1    | Killed an orc knight
 11217 | Orc:1    | Reached XP level 12. HP: 79/83 MP: 5/22
 11371 | Orc:2    | Entered Level 2 of the Orcish Mines
 11377 | Orc:2    | Found a staircase to the Elven Halls.
 11466 | Orc:2    | Found Dopitih's General Store.
 11488 | Orc:2    | Reached skill level 8 in Earth Magic
 11628 | Orc:2    | Reached **** piety under Kikubaaqudgha
 11779 | Orc:2    | Reached skill level 9 in Earth Magic
 11972 | Orc:2    | Reached skill level 10 in Earth Magic
 11999 | Orc:2    | HP: 4/83 [orc warrior/+0 great mace (22)]
 12061 | Orc:1    | Bought a book of Battle for 640 gold pieces
 12065 | Orc:1    | Learned a level 3 spell: Regeneration
 12202 | Orc:2    | Bought a scroll of identify for 22 gold pieces
 12202 | Orc:2    | Bought a scroll of identify for 22 gold pieces
 12464 | Orc:2    | Reached skill level 1 in Charms
 12663 | Orc:2    | Found Juan's Antique Armour Emporium.
 12663 | Orc:2    | Found Xafiyc's Antique Armour Shop.
 12665 | Orc:2    | Found Joaleydd's Weapon Boutique.
 12667 | Orc:2    | Found Ekiyci's Assorted Antiques.
 12679 | Orc:2    | Bought a scroll labeled ZYNGIX PAUM for 29 gold pieces
 12679 | Orc:2    | Bought a white potion for 26 gold pieces
 12727 | Orc:2    | Reached skill level 5 in Shields
 13018 | D:11     | Noticed Fannar
 13028 | D:11     | Reached ***** piety under Kikubaaqudgha
 13041 | D:11     | Killed Fannar
 13083 | D:11     | Noticed a two-headed ogre
 13104 | D:11     | Reached skill level 5 in Fighting
 13104 | D:11     | Reached skill level 5 in Armour
 13106 | D:11     | Killed a two-headed ogre
 13221 | D:11     | Reached XP level 13. HP: 64/91 MP: 6/23
 13668 | D:11     | Found a runed translucent door.
 13669 | D:11     | Noticed an ettin
 13672 | D:11     | Reached skill level 5 in Dodging
 13701 | D:11     | Killed an ettin
 13756 | D:11     | Noticed a fire giant
 13877 | D:11     | Killed a fire giant
 13905 | D:11     | Noticed a fire dragon
 13921 | D:11     | Killed a fire dragon
 13921 | D:11     | Reached skill level 10 in Necromancy
 13977 | D:11     | Identified the Tome of Entrancing Self-Knowledge
 14039 | D:12     | Noticed a six-headed hydra
 14058 | D:12     | Killed a six-headed hydra
 14363 | D:12     | Found a shattered altar of Ashenzari.
 14548 | D:12     | Found a portal to a secret trove of treasure.
 15625 | D:13     | Reached XP level 14. HP: 93/103 MP: 21/24
 15724 | D:13     | Noticed Rupert
 15741 | D:13     | Killed Rupert
 15789 | D:13     | Found a blossoming altar of Fedhas.
 16012 | D:13     | Got a slimy scale mail
 16023 | D:13     | Identified the cursed +1 scale mail of Slovenliness {Str+5
                  | Dex+3} (You found it on level 13 of the Dungeon)
 16113 | D:14     | Reached skill level 10 in Shields
 16200 | D:14     | Found Zyagh's Changing Room.
 16220 | D:14     | Bought a potion of mutation for 96 gold pieces
 16220 | D:14     | Bought a potion of mutation for 96 gold pieces
 16220 | D:14     | Bought a potion of mutation for 96 gold pieces
 16222 | D:14     | Gained mutation: Potions are less effective at restoring
                  | your health. [potion of mutation]
 16222 | D:14     | Gained mutation: Your spells are a little harder to cast,
                  | but a little more powerful. [potion of mutation]
 16223 | D:14     | Lost mutation: Your spells are a little harder to cast, but
                  | a little more powerful. [potion of mutation]
 16223 | D:14     | Lost mutation: Potions are less effective at restoring your
                  | health. [potion of mutation]
 16223 | D:14     | Gained mutation: You occasionally shout uncontrollably at
                  | your foes. [potion of mutation]
 16223 | D:14     | Gained mutation: You have large cloven feet. [potion of
                  | mutation]
 16223 | D:14     | Gained mutation: Your body sometimes deteriorates upon
                  | taking damage. [potion of mutation]
 16223 | D:14     | Gained mutation: Your movements are slightly less
                  | encumbered by armour. (ER -2) [potion of mutation]
 16224 | D:14     | Lost mutation: You occasionally shout uncontrollably at
                  | your foes. [potion of mutation]
 16224 | D:14     | Lost mutation: You have large cloven feet. [potion of
                  | mutation]
 16224 | D:14     | Gained mutation: You have an increased reservoir of magic.
                  | (+10% MP) [potion of mutation]
 16224 | D:14     | Gained mutation: You are robust. (+10% HP) [potion of
                  | mutation]
 16225 | D:14     | Lost mutation: Your body sometimes deteriorates upon taking
                  | damage. [potion of mutation]
 16225 | D:14     | Lost mutation: Your movements are slightly less encumbered
                  | by armour. (ER -2) [potion of mutation]
 16225 | D:14     | Lost mutation: You are robust. (+10% HP) [potion of
                  | mutation]
 16225 | D:14     | Gained mutation: Your body sometimes deteriorates upon
                  | taking damage. [potion of mutation]
 16225 | D:14     | Gained mutation: You occasionally shout uncontrollably at
                  | your foes. [potion of mutation]
 16225 | D:14     | Gained mutation: You have a considerably increased
                  | reservoir of magic. (+20% MP) [potion of mutation]
 16323 | D:14     | Found a gate to the Vaults.
 16511 | D:14     | Reached ****** piety under Kikubaaqudgha
 16527 | D:13     | Received a gift from Kikubaaqudgha
 16585 | D:11     | Fell from the grace of Kikubaaqudgha
 16771 | Temple   | Became a worshipper of Gozag Ym Sagoz the Greedy
 17006 | D:5      | Killed Blork the orc
 17145 | D:2      | Killed Jessica
 17154 | D:2      | Killed Natasha
 17212 | D:2      | Noticed Natasha
 17217 | D:2      | Killed Natasha
 17331 | D:2      | Noticed Natasha
 17343 | D:2      | Killed Natasha
 17825 | D:14     | Reached XP level 15. HP: 109/110 MP: 25/30
 18238 | Lair:1   | Entered Level 1 of the Lair of Beasts
 19321 | Lair:2   | Found a staircase to the Snake Pit.
 19355 | Lair:2   | Reached skill level 15 in Shields
 19526 | Lair:2   | Got an ancient shortbow
 19527 | Lair:2   | Identified the +9 shortbow "Firiasuw" {freeze, rF+ rC+
                  | Int-5 Dex+2} (You found it on level 2 of the Lair of
                  | Beasts)
 19692 | Lair:2   | Identified the Handbook of the Toxic Voyage
 20996 | Lair:3   | Found a staircase to the Swamp.
 21168 | Lair:4   | Reached skill level 10 in Fighting
 21168 | Lair:4   | Reached skill level 10 in Armour
 21216 | Lair:4   | Reached XP level 16. HP: 116/122 MP: 28/33
 21416 | D:9      | Bought the +10 large shield of Ignorance {rN+ Int-4} for
                  | 1948 gold pieces
 21416 | D:9      | Found the +10 large shield of Ignorance {rN+ Int-4}
 22416 | Lair:5   | Lost mutation: Your body sometimes deteriorates upon taking
                  | damage. [potion of mutation]
 22416 | Lair:5   | Lost mutation: You occasionally shout uncontrollably at
                  | your foes. [potion of mutation]
 22416 | Lair:5   | Lost mutation: You have a considerably increased reservoir
                  | of magic. (+20% MP) [potion of mutation]
 22416 | Lair:5   | Gained mutation: You are resistant to electric shocks.
                  | (rElec) [potion of mutation]
 22416 | Lair:5   | Gained mutation: You have large cloven feet. [potion of
                  | mutation]
 22416 | Lair:5   | Gained mutation: You have hoof-like feet. [potion of
                  | mutation]
 23258 | Lair:6   | Entered Level 6 of the Lair of Beasts
 23444 | Lair:6   | Found a staircase to the Slime Pits.
 23480 | Lair:6   | Reached skill level 10 in Spellcasting
 25274 | Orc:2    | Bought a pair of embroidered gloves for 157 gold pieces
 25274 | Orc:2    | Bought a pair of slimy boots for 199 gold pieces
 25294 | Orc:2    | Identified the +2 pair of boots of Feighire {Str+4 Int+3}
                  | (You bought it in a shop on level 2 of the Orcish Mines)
 25298 | Orc:2    | Bought a pair of runed boots for 157 gold pieces
 25375 | Orc:1    | Bought a book of the Earth for 1040 gold pieces
 25472 | D:11     | Was forgiven by Kikubaaqudgha
 25549 | D:15     | Entered Level 15 of the Dungeon
 25761 | D:15     | Noticed Jorgrun
 25768 | D:15     | Killed Jorgrun
 25864 | D:15     | Reached XP level 17. HP: 122/122 MP: 27/37
 25922 | D:15     | Found Beops's Mayhem Merchandise.
 26164 | D:15     | Found a staircase to the Depths.
 26502 | Snake:1  | Entered Level 1 of the Snake Pit
 27364 | Snake:1  | Reached skill level 15 in Spellcasting
 28273 | Snake:3  | Reached XP level 18. HP: 90/134 MP: 30/41
 28295 | Snake:3  | Reached skill level 11 in Earth Magic
 28438 | Snake:3  | Learned a level 8 spell: Necromutation
 28501 | Snake:3  | Learned a level 5 spell: Bolt of Magma
 28537 | Snake:3  | Noticed Aizul
 28550 | Snake:3  | Killed Aizul
 28722 | Snake:3  | Reached skill level 12 in Earth Magic
 29128 | Snake:4  | Entered Level 4 of the Snake Pit
 29199 | Snake:4  | Found a frozen archway.
 29208 | IceCv    | Entered an ice cave
 29686 | IceCv    | Noticed an Ice Fiend
 29711 | IceCv    | Killed an Ice Fiend
 29718 | IceCv    | Reached skill level 13 in Earth Magic
 29786 | IceCv    | Got a pair of ichor-stained boots
 29802 | IceCv    | Identified the +0 pair of boots of Good Intentions {-Cast
                  | rPois rC+++ Int-5} (You found it in an ice cave)
 29829 | IceCv    | Got a serpentine golden ring
 29831 | IceCv    | Identified the ring "Wulakach" {rCorr Str+2 Dex+5 Slay+2}
                  | (You found it in an ice cave)
 30574 | Snake:4  | Reached skill level 14 in Earth Magic
 30726 | Snake:4  | Reached XP level 19. HP: 123/140 MP: 15/42
 30758 | Snake:4  | Reached skill level 15 in Earth Magic
 30961 | Snake:4  | Got a serpentine rune of Zot
 31527 | Swamp:1  | Entered Level 1 of the Swamp
 31823 | Swamp:1  | Reached skill level 16 in Earth Magic
 33083 | Swamp:2  | Found the +8 mithril axe "Arga" {speed, MR+}
 33272 | Swamp:3  | Noticed Donald
 33285 | Swamp:3  | Killed Donald
 34223 | Swamp:4  | Entered Level 4 of the Swamp
 34345 | Swamp:4  | Noticed Kirke
 34439 | Swamp:4  | Reached XP level 20. HP: 130/147 MP: 15/44
 34645 | Swamp:4  | Reached skill level 15 in Necromancy
 35049 | Swamp:4  | Noticed the 27-headed Lernaean hydra
 35063 | Swamp:4  | Killed the 27-headed Lernaean hydra
 35237 | Swamp:4  | Got a decaying rune of Zot
 35708 | Swamp:4  | Learned a level 9 spell: Shatter
 35759 | Swamp:3  | Killed Kirke
 36039 | Vaults:1 | Entered Level 1 of the Vaults
 36555 | Vaults:1 | Reached XP level 21. HP: 119/153 MP: 5/45
 37832 | Vaults:2 | Reached skill level 1 in Transmutations
 37951 | Vaults:2 | Learned a level 3 spell: Ozocubu's Armour
 38026 | Vaults:2 | Reached skill level 5 in Transmutations
 38425 | Vaults:2 | Got a shadowed robe
 38631 | Vaults:2 | Found a staircase to the Crypt.
 39466 | Vaults:3 | Reached XP level 22. HP: 137/159 MP: 34/46
 39506 | Vaults:3 | Got a polished war axe
 39538 | Vaults:3 | Noticed Xtahua
 39556 | Vaults:3 | Killed Xtahua
 39556 | Vaults:3 | Reached skill level 10 in Transmutations
 40144 | Vaults:3 | Noticed Saint Roka
 40160 | Vaults:3 | Killed Saint Roka
 40830 | Vaults:4 | Reached skill level 15 in Transmutations
 40950 | Vaults:4 | Reached XP level 23. HP: 165/165 MP: 19/47
 41465 | Vaults:4 | Found Zoli Sar's General Store.
 41475 | Vaults:4 | Bought a potion of brilliance for 60 gold pieces
 41475 | Vaults:4 | Bought a potion of brilliance for 60 gold pieces
 41475 | Vaults:4 | Bought a scroll of fog for 30 gold pieces
 41475 | Vaults:4 | Bought a scroll of amnesia for 52 gold pieces
 41702 | Vaults:4 | Identified the cursed +0 robe of Tender Moments {rN++} (You
                  | found it on level 2 of the Vaults)
 41716 | Vaults:4 | Identified the +6 war axe of Rioxuabb {holy, rPois MP-9
                  | Stlth+} (You found it on level 3 of the Vaults)
 42035 | Elf:1    | Entered Level 1 of the Elven Halls
 42375 | Elf:1    | Noticed spacedv's ghost (adept MiGl)
 42386 | Elf:1    | Found a transporter.
 42514 | Elf:1    | Found a transporter.
 43017 | Elf:1    | Killed spacedv's ghost
 43056 | Elf:1    | Got a wavering ivory ring
 43095 | Elf:1    | Identified the ring "Apsag" {rPois rF+ rC+ Str+2} (You
                  | found it on level 1 of the Elven Halls)
 43428 | Elf:2    | Found Ughar's General Store.
 43436 | Elf:2    | Bought a potion of curing for 48 gold pieces
 43436 | Elf:2    | Bought a scroll of fog for 32 gold pieces
 43436 | Elf:2    | Bought a potion of cancellation for 128 gold pieces
 43577 | Elf:2    | Found a runed translucent gate.
 43577 | Elf:2    | Found a runed translucent gate.
 43578 | Elf:2    | Found a runed translucent gate.
 43864 | Elf:2    | Reached XP level 24. HP: 167/172 MP: 29/47
 44033 | Elf:3    | Entered Level 3 of the Elven Halls
 44110 | Elf:3    | Found Qatub's Book Shop.
 44159 | Elf:3    | Found Xaxul's Antique Weapon Shop.
 44252 | Elf:3    | Found Byxyaky's Antique Weapon Emporium.
 44318 | Elf:3    | Found Korus's Armour Boutique.
 44949 | Elf:3    | Identified the ring of Hofoifot {+Fly rElec rC+ Str-4
                  | Int+8}
 44959 | Elf:3    | Reached skill level 17 in Earth Magic
 45045 | Elf:3    | Identified the ring "Wyitekuv" {rC+ Str+8}
 45225 | Elf:3    | Identified the Guide on Freezing Malediction
 45253 | Elf:3    | Got a dazzling arbalest
 45254 | Elf:3    | Identified the cursed +2 arbalest "Zeidghip" {velocity,
                  | rPois MR+} (You found it on level 3 of the Elven Halls)
 45296 | Elf:3    | Identified the +5 short sword "Boddiehi" {holy, Stlth+}
 45385 | Elf:3    | Got a dazzling quarterstaff
 45387 | Elf:3    | Identified the +1 quarterstaff of Fedhas's Generosity
                  | {freeze, rF+ MR+ Dex+3} (You found it on level 3 of the
                  | Elven Halls)
 45469 | Elf:3    | Bought a crude falchion for 328 gold pieces
 45469 | Elf:3    | Bought a translucent mace for 328 gold pieces
 45469 | Elf:3    | Bought a steaming hand axe for 328 gold pieces
 45470 | Elf:3    | Identified the +11 falchion of Coeroe {slice, Int+6} (You
                  | bought it in a shop on level 3 of the Elven Halls)
 45471 | Elf:3    | Identified the +7 mace "Afithryli" {protect, rPois rF-
                  | Dex+8 Stlth+} (You bought it in a shop on level 3 of the
                  | Elven Halls)
 45474 | Elf:3    | Identified the +3 hand axe "Huoxorr" {chop, Str+2} (You
                  | bought it in a shop on level 3 of the Elven Halls)
 45817 | Crypt:1  | Entered Level 1 of the Crypt
 45820 | Crypt:1  | Got an obsidian-studded scale mail
 45831 | Crypt:1  | Identified the +1 scale mail of the Abyss {rElec MR+++
                  | Int-5 Dex-2} (You found it on level 1 of the Crypt)
 45967 | Crypt:1  | Reached skill level 1 in Evocations
 46026 | Crypt:1  | Identified Pior's Collected Works on Congealing Darkness
 46225 | Crypt:1  | Noticed Jory
 46230 | Crypt:1  | Killed Jory
 46328 | Crypt:1  | Got a distressingly furry leather armour
 46339 | Crypt:1  | Identified the +3 leather armour of Compassion {*Slow Str+4
                  | Dex+7} (You found it on level 1 of the Crypt)
 46709 | Crypt:2  | Found a magical portal.
 46736 | WizLab   | Entered The Hall of the Hellbinder
 47048 | WizLab   | Found a burning altar of Makhleb.
 47074 | WizLab   | Reached XP level 25. HP: 136/177 MP: 1/47
 47110 | WizLab   | Got an ancient tin ring
 47124 | WizLab   | Identified the Compendium of the Escort
 47301 | Crypt:2  | Reached skill level 5 in Evocations
 47463 | Crypt:2  | Noticed Margery
 47466 | Crypt:2  | Reached skill level 18 in Earth Magic
 47472 | Crypt:2  | Killed Margery
 48097 | Crypt:2  | Identified the ring "Dailu" {rPois rC++ Dex-4 Stlth+} (You
                  | found it in a wizard's laboratory)
 48105 | Crypt:3  | Entered Level 3 of the Crypt
 48110 | Crypt:3  | Found a runed translucent door.
 48126 | Crypt:3  | Found a shimmering altar of Xom.
 48126 | Crypt:3  | Noticed Fazan's ghost (veteran CeHu)
 48126 | Crypt:3  | Identified the +10 quarterstaff "Efousao" {chaos, rPois MR+
                  | Str+3 Int-5}
 48141 | Crypt:3  | Killed Fazan's ghost
 48169 | Crypt:3  | Identified the Catalogue of the Frostbite
 48526 | Crypt:3  | Found a staircase to the Tomb.
 48585 | Crypt:3  | Noticed a curse toe
 48594 | Crypt:3  | Killed a curse toe
 48695 | Crypt:3  | Noticed an ancient lich
 48702 | Crypt:3  | Reached skill level 19 in Earth Magic
 48706 | Crypt:3  | Killed an ancient lich
 48723 | Crypt:3  | Identified the Grimoire of Protection and Snow
 48732 | Crypt:3  | Got a wavering ivory ring
 48736 | Crypt:3  | Got a brightly glowing ring mail
 48754 | Crypt:3  | Identified the +1 ring mail of Viask {rPois rF- rCorr
                  | Dex+4} (You found it on level 3 of the Crypt)
 48771 | Crypt:3  | Identified the ring of the Lily {rF+ MR+} (You found it on
                  | level 3 of the Crypt)
 49038 | Tomb:1   | Entered Level 1 of the Tomb of the Ancients
 49275 | Tomb:1   | Reached skill level 10 in Evocations
 49277 | Tomb:1   | Reached XP level 26. HP: 116/184 MP: 12/47
 49642 | Tomb:1   | Noticed a greater mummy
 49645 | Tomb:1   | Noticed a greater mummy
 49648 | Tomb:1   | Noticed a greater mummy
 49654 | Tomb:1   | Killed a greater mummy
 49659 | Tomb:1   | Killed a greater mummy
 49665 | Tomb:1   | Killed a greater mummy
 49665 | Tomb:1   | Reached skill level 20 in Earth Magic
 49913 | Tomb:1   | Got a dazzling quarterstaff
 49914 | Tomb:1   | Identified the +10 quarterstaff of Tebbiy {venom, Int+3
                  | Stlth+} (You found it on level 1 of the Tomb of the
                  | Ancients)
 50295 | Tomb:1   | Noticed a greater mummy
 50300 | Tomb:1   | Noticed a greater mummy
 50304 | Tomb:1   | Noticed a greater mummy
 50306 | Tomb:1   | Killed a greater mummy
 50312 | Tomb:1   | Killed a greater mummy
 50313 | Tomb:1   | Noticed a greater mummy
 50405 | Tomb:1   | Killed a greater mummy
 50459 | Tomb:1   | Killed a greater mummy
 50699 | Tomb:1   | Noticed a greater mummy
 50709 | Tomb:1   | Killed a greater mummy
 50896 | Tomb:1   | Noticed a greater mummy
 50903 | Tomb:1   | Noticed a greater mummy
 50904 | Tomb:1   | Killed a greater mummy
 50931 | Tomb:1   | Killed a greater mummy
 50931 | Tomb:1   | Reached skill level 21 in Earth Magic
 50933 | Tomb:1   | Noticed a greater mummy
 50962 | Tomb:1   | Killed a greater mummy
 51021 | Tomb:1   | Noticed a greater mummy
 51028 | Tomb:1   | Killed a greater mummy
 51030 | Tomb:1   | Noticed a greater mummy
 51039 | Tomb:1   | Killed a greater mummy
 51140 | Tomb:1   | Noticed a greater mummy
 51149 | Tomb:1   | Killed a greater mummy
 51152 | Tomb:1   | Reached skill level 22 in Earth Magic
 51192 | Tomb:1   | Noticed a greater mummy
 51196 | Tomb:1   | Noticed a greater mummy
 51201 | Tomb:1   | Killed a greater mummy
 51209 | Tomb:1   | Killed a greater mummy
 51209 | Tomb:1   | Reached XP level 27. HP: 120/190 MP: 2/47
 51752 | Vaults:5 | Entered Level 5 of the Vaults
 51754 | Vaults:5 | Reached skill level 23 in Earth Magic
 51933 | Vaults:5 | Reached skill level 24 in Earth Magic
 52129 | Vaults:5 | Reached skill level 25 in Earth Magic
 52302 | Vaults:5 | Identified the ring "Niffyon" {rF+ rC+ Int+3}
 52396 | Vaults:5 | Noticed an ancient lich
 52399 | Vaults:5 | Killed an ancient lich
 52408 | Vaults:4 | Reached skill level 26 in Earth Magic
 52888 | Vaults:5 | Got a silver rune of Zot
 53884 | Tomb:2   | Noticed a greater mummy
 53895 | Tomb:2   | Noticed a greater mummy
 53907 | Tomb:2   | Noticed Mennas
 53910 | Tomb:2   | Killed a greater mummy
 53916 | Tomb:2   | Noticed Boris
 53917 | Tomb:2   | Killed Mennas
 53925 | Tomb:2   | Killed Boris
 53960 | Tomb:2   | Killed a greater mummy
 54120 | Tomb:2   | Noticed an ancient lich
 54127 | Tomb:2   | Killed an ancient lich
 54191 | Tomb:2   | Noticed a greater mummy
 54202 | Tomb:2   | Killed a greater mummy
 55148 | Tomb:3   | Entered Level 3 of the Tomb of the Ancients
 55187 | Tomb:3   | Noticed a greater mummy
 55213 | Tomb:3   | Killed a greater mummy
 55216 | Tomb:3   | Noticed a greater mummy
 55219 | Tomb:3   | Identified the +4 mace of Trial by Ordeal {crush, MR+}
 55219 | Tomb:3   | Noticed a greater mummy
 55223 | Tomb:3   | Noticed a greater mummy
 55223 | Tomb:3   | Noticed a greater mummy
 55223 | Tomb:3   | Noticed a greater mummy
 55227 | Tomb:3   | Identified the +9 morningstar of Beogh's Favour {crush,
                  | Str+2 Stlth+}
 55229 | Tomb:3   | Noticed a greater mummy
 55230 | Tomb:3   | Noticed a greater mummy
 55231 | Tomb:3   | Reached skill level 27 in Earth Magic
 55235 | Tomb:3   | Killed a greater mummy
 55235 | Tomb:3   | Noticed a greater mummy
 55238 | Tomb:3   | Killed a greater mummy
 55238 | Tomb:3   | Killed a greater mummy
 55238 | Tomb:3   | Reached skill level 10 in Dodging
 55241 | Tomb:3   | Killed a greater mummy
 55241 | Tomb:3   | Killed a greater mummy
 55241 | Tomb:3   | Killed a greater mummy
 55241 | Tomb:3   | Reached skill level 1 in Ice Magic
 55242 | Tomb:3   | Killed a greater mummy
 55242 | Tomb:3   | Killed a greater mummy
 55427 | Tomb:3   | Identified the Handbook of the Buccaneer
 55633 | Tomb:3   | Got a golden rune of Zot
 55698 | Tomb:3   | Found the +3 Elemental Staff {rElec rF++ rC++ MR++ AC+5}
 55764 | Tomb:3   | Identified the Reference Book on Harmful Unholy Rituals
 55923 | Tomb:3   | Got a warped leather armour
 55935 | Tomb:3   | Identified the cursed +0 leather armour of Myelexith {rC++}
                  | (You found it on level 3 of the Tomb of the Ancients)
 55950 | Tomb:3   | Got an iridescent fustibalus
 55951 | Tomb:3   | Identified the +11 fustibalus of the Empty Page {flame,
                  | *Corrode Str+2 SInv} (You found it on level 3 of the Tomb
                  | of the Ancients)
 55967 | Tomb:3   | Got a heavily runed leather armour
 55978 | Tomb:3   | Identified the +3 leather armour of Ru's Castigation {MR+
                  | MP+9} (You found it on level 3 of the Tomb of the Ancients)
 56019 | Tomb:3   | Got a warped mace
 56020 | Tomb:3   | Identified the +4 mace of Tortfeasance {flame, rPois rF-
                  | Dex+5} (You found it on level 3 of the Tomb of the
                  | Ancients)
 56032 | Tomb:3   | Learned a level 6 spell: Darkness
 56473 | Zig:1    | Entered Level 1 of a ziggurat
 56499 | Zig:2    | Entered Level 2 of a ziggurat
 56521 | Zig:3    | Entered Level 3 of a ziggurat
 56585 | Zig:4    | Entered Level 4 of a ziggurat
 56586 | Zig:4    | Noticed a juggernaut
 56591 | Zig:4    | Killed a juggernaut
 56602 | Zig:4    | Got a bound marble ring
 56616 | Zig:4    | Identified the ring of Heykifue {rElec MR- Int+2 Dex+5
                  | Stlth+} (You found it on level 4 of a ziggurat)
 56641 | Zig:5    | Entered Level 5 of a ziggurat
 56689 | Zig:6    | Entered Level 6 of a ziggurat
 56783 | Zig:7    | Entered Level 7 of a ziggurat
 56826 | Zig:7    | Got a scorched ivory ring
 56836 | Zig:7    | Identified the ring of Zesyuwku {rC+ Int+3} (You found it
                  | on level 7 of a ziggurat)
 56887 | Zig:8    | Entered Level 8 of a ziggurat
 56991 | Zig:9    | Entered Level 9 of a ziggurat
 57002 | Zig:9    | Found the +7 lajatang of Order {silver, rMut}
 57005 | Zig:9    | Reached skill level 1 in Hexes
 57032 | Zig:9    | Identified the Disquisition on Flames
 57087 | Zig:9    | Got a brightly glowing triple sword
 57097 | Zig:9    | Identified the +9 triple sword "Tormentor" {elec, *Corrode
                  | +Blink Str+2} (You found it on level 9 of a ziggurat)
 57136 | Zig:10   | Entered Level 10 of a ziggurat
 57145 | Zig:10   | Noticed Hischago the pandemonium lord
 57184 | Zig:10   | Killed Hischago the pandemonium lord
 57240 | Zig:10   | Got a smoking amber ring
 57293 | Zig:11   | Entered Level 11 of a ziggurat
 57305 | Zig:11   | Noticed a shard shrike
 57307 | Zig:11   | Found the brooch of Shielding {Reflect SH+8}
 57307 | Zig:11   | Reached skill level 10 in Hexes
 57311 | Zig:11   | Killed a shard shrike
 57314 | Zig:11   | Reached skill level 5 in Ice Magic
 57349 | Zig:11   | Identified Estix's Incunabulum of Toxic Hexes
 57402 | Zig:11   | Identified the ring of the Cockroach {*Corrode EV+2 Int+3
                  | Dex+5} (You found it on level 10 of a ziggurat)
 57423 | Zig:12   | Entered Level 12 of a ziggurat
 57431 | Zig:12   | Noticed a juggernaut
 57432 | Zig:12   | Noticed a juggernaut
 57435 | Zig:12   | Killed a juggernaut
 57436 | Zig:12   | Killed a juggernaut
 57496 | Zig:12   | Identified the Compendium of Hurtful Fire
 57519 | Zig:12   | Got a transparent iron ring
 57527 | Zig:12   | Got a vibrating jade ring
 57554 | Zig:12   | Identified the ring "Tuhoy" {Ice rElec rN+ MR+ Slay+3} (You
                  | found it on level 12 of a ziggurat)
 57556 | Zig:12   | Identified the ring of Absolutism {+Fly rElec Str+2} (You
                  | found it on level 12 of a ziggurat)
 57578 | Zig:13   | Entered Level 13 of a ziggurat
 57744 | Zig:13   | Got a pair of ancient gloves
 57755 | Zig:13   | Identified the +2 pair of gloves of the Guild-Master {Str+2
                  | SInv} (You found it on level 13 of a ziggurat)
 57769 | Zig:13   | Reached skill level 10 in Conjurations
 57780 | Zig:13   | Learned a level 9 spell: Glaciate
 57784 | Zig:14   | Entered Level 14 of a ziggurat
 57807 | Zig:14   | Found the -2 hat of the Alchemist {rElec rPois rF+ rC+ rN+
                  | MR+ rMut rCorr}
 57936 | Zig:15   | Entered Level 15 of a ziggurat
 57944 | Zig:15   | Noticed Zul Titi the pandemonium lord
 57960 | Zig:15   | Noticed Paevil the pandemonium lord
 57969 | Zig:15   | Noticed a Killer Klown
 57970 | Zig:15   | Killed from afar by Paevil the pandemonium lord

Skill      XL: |  1  2  3  4  5  6  7  8  9 10 11 12 13 14 15 16 17 18 19 20 21 22 23 24 25 26 27 |
---------------+----------------------------------------------------------------------------------+-----
Conjurations   | 1 2 3 4 5 6 10 | 10.8
Fire Magic     | 3 5 |  5.0
Air Magic      | 2 5 |  5.2
Necromancy     | 7 9 10 12 14 17 19 20 | 20.0
Spellcasting   | 7 13 16 | 16.0
Fighting       | 1 3 5 7 10 12 | 12.0
Dodging        | 2 3 4 6 8 10 | 10.0
Shields        | 1 4 5 8 13 15 17 | 17.1
Armour         | 1 3 5 7 10 12 | 12.0
Earth Magic    | 7 10 14 16 17 19 22 27 | 27.0
Charms         | 2 4 |  4.0
Transmutations | 9 15 18 19 20 22 | 22.7
Evocations     | 4 10 12 | 12.0
Ice Magic      | 9 |  9.7
Hexes          | 10 | 10.0
Stealth        | |  2.4
Summonings     | |  1.0
Translocations | |  0.8

Action                   |  1- 3 |  4- 6 |  7- 9 | 10-12 | 13-15 | 16-18 | 19-21 | 22-24 | 25-27 || total
-------------------------+-------+-------+-------+-------+-------+-------+-------+-------+-------++-------
Melee: Unarmed           |    17 |       |       |       |       |       |       |       |       ||    17
       Dagger            |    23 |       |       |       |       |       |       |       |       ||    23
       Quarterstaff      |     7 |    10 |       |       |       |       |       |       |   311 ||   328
       Pair of quick bla |       |       |   120 |   224 |   555 |   964 |   161 |       |       ||  2024
       Scimitar          |       |       |       |       |     4 |       |       |       |       ||     4
       Broad axe         |       |       |       |       |       |       |   407 |   545 |       ||   952
       Falchion          |       |       |       |       |       |       |       |   132 |     7 ||   139
       Staff             |       |       |       |       |       |       |       |       |    10 ||    10
 Fire: Hunting sling     |    32 |   147 |    80 |    88 |       |       |       |       |       ||   347
       Shortbow          |       |       |       |    24 |     9 |     1 |       |       |       ||    34
Throw: Stone             |     1 |       |       |       |       |       |       |       |       ||     1
 Cast: Magic Dart        |    86 |    26 |    42 |    19 |     7 |       |       |       |       ||   180
       Mephitic Cloud    |       |    13 |    23 |    76 |    35 |     6 |     2 |     1 |       ||   156
       Conjure Flame     |       |     9 |    13 |    41 |    56 |    30 |    44 |     5 |     1 ||   199
       Vampiric Draining |       |       |       |    18 |       |     4 |       |       |       ||    22
       Borgnjor's Vile C |       |       |       |    51 |   122 |   229 |   270 |   244 |   210 ||  1126
       Regeneration      |       |       |       |    14 |    38 |    57 |    43 |    22 |     9 ||   183
       Sublimation of Bl |       |       |       |     4 |    23 |    25 |    37 |    32 |     4 ||   125
       Dispel Undead     |       |       |       |     1 |    21 |    18 |     7 |    45 |   123 ||   215
       Bolt of Magma     |       |       |       |       |       |       |    33 |    42 |    19 ||    94
       Necromutation     |       |       |       |       |       |       |       |    51 |   110 ||   161
       Ozocubu's Armour  |       |       |       |       |       |       |       |     1 |     9 ||    10
       Shatter           |       |       |       |       |       |       |       |       |   171 ||   171
Invok: Receive Necronomi |       |       |       |       |     1 |       |       |       |       ||     1
       Renounce Religion |       |       |       |       |     1 |       |       |       |       ||     1
       Potion Petition   |       |       |       |       |       |       |       |     9 |    14 ||    23
 Abil: Dig               |       |    14 |     2 |    44 |    34 |    26 |     3 |     2 |       ||   125
       End Transformatio |       |       |       |       |       |       |       |     5 |     7 ||    12
Evoke: Wand              |       |       |       |       |    10 |     2 |       |     2 |     2 ||    16
       Phial of floods   |       |       |       |       |       |     1 |       |       |       ||     1
       Staff of energy   |       |       |       |       |       |       |       |    24 |   598 ||   622
       Lamp of fire      |       |       |       |       |       |       |       |     1 |     2 ||     3
       Fan of gales      |       |       |       |       |       |       |       |     1 |       ||     1
       Box of beasts     |       |       |       |       |       |       |       |       |     1 ||     1
       Sack of spiders   |       |       |       |       |       |       |       |       |     1 ||     1
       Figurine of a zig |       |       |       |       |       |       |       |       |     1 ||     1
  Use: Potion            |       |     4 |       |     6 |     6 |     2 |     5 |     1 |     4 ||    28
       Scroll            |       |     3 |     2 |     8 |     8 |     8 |    10 |    13 |    18 ||    70
 Stab: Sleeping          |     2 |       |     2 |       |     4 |       |       |     2 |     2 ||    12
       Confused          |       |       |     8 |    19 |     6 |       |       |       |       ||    33
       Distracted        |       |       |       |       |       |     2 |     4 |     3 |     3 ||    12
  Eat: Chunk             |     4 |     5 |    15 |    32 |    33 |       |       |       |       ||    89
       Ration            |       |     1 |     1 |     1 |    12 |    15 |    10 |     4 |     2 ||    46
Armor: Robe              |    12 |     6 |    24 |       |       |       |       |       |       ||    42
       Leather armour    |       |       |    19 |    62 |     4 |       |       |       |       ||    85
       Acid dragon scale |       |       |       |       |    34 |       |       |       |       ||    34
       Troll leather arm |       |       |       |       |    99 |   179 |   151 |   173 |   245 ||   847
Dodge: Dodged            |    47 |    27 |    48 |   100 |   267 |   236 |   212 |   261 |   226 ||  1424
Block: Large shield      |       |       |       |       |   204 |  1192 |   921 |  1098 |  1078 ||  4493
       Rpst.: Falchion   |       |       |       |       |       |       |       |    14 |     2 ||    16
